 Dungeon Crawl Stone Soup version 0.28-a0-661-g144af121cd (webtiles) character file.

Game seed: 11449088417334516204

126 MacCMillion the Digger (level 5, -4/28 HPs)
             Began as a Gargoyle Earth Elementalist on Oct 14, 2021.
             Slain by a gnoll (8 damage)
             ... on level 3 of the Dungeon.
             The game lasted 00:11:33 (4063 turns).

MacCMillion the Digger (GrEE)                       Turns: 4063, Time: 00:11:33

Health: -4/28      AC: 10    Str: 12    XL:     5   Next: 9%
Magic:  8/8        EV: 10    Int: 16    God:
Gold:   122        SH:  0    Dex: 10    Spells: 0/8 levels left

rFire   . . .      SeeInvis .   d - staff of cold
rCold   + . .      Faith    .   (no shield)
rNeg    + . .      Spirit   .   r - +0 ring mail
rPois   ∞          Reflect  .   (no helmet)
rElec   +          Harm     .   p - scarf {+Inv}
rCorr   .          Rampage  .   k - +0 pair of gloves
Will    .....                   (no boots)
Stlth   +.........              (no amulet)
HPRegen 0.09/turn               (no ring)
MPRegen 0.11/turn               (no ring)

@: no status effects
A: sickness immunity, AC +4, negative energy resistance 1, electricity
resistance, torment resistance 1, petrification resistance
a: Evoke Invisibility


You were on level 3 of the Dungeon.
You visited 1 branch of the dungeon, and saw 3 of its levels.

You collected 122 gold pieces.

Inventory:

Hand Weapons
 a - a +0 dagger
 q - a +0 mace
Missiles
 c - 17 stones
Armour
 b - a +0 robe
 e - a +0 leather armour
 k - a +0 pair of gloves (worn)
 p - a scarf of invisibility (worn)
 r - a +0 ring mail (worn)
Magical Staves
 d - a staff of cold (weapon)
Scrolls
 f - a scroll of brand weapon {unknown}
 h - 2 scrolls of enchant armour {unknown}
 i - 4 scrolls of identify {unknown}
 n - a scroll of teleportation {unknown}
 o - a scroll of magic mapping {unknown}
 s - a scroll of immolation {unknown}
 t - a scroll of fear {unknown}
Potions
 g - a potion of brilliance {unknown}
 j - a potion of berserk rage {unknown}
 l - a potion of might
 m - a potion of heal wounds {unknown}


   Skills:
 - Level 1.0 Short Blades
 + Level 1.4 Staves
 - Level 1.5 Dodging
 - Level 2.1 Stealth
 - Level 2.0 Spellcasting
 - Level 2.0 Transmutations
 + Level 4.7 Earth Magic
 + Level 1.6 Evocations


You couldn't memorise any spells.
You knew the following spells:

 Your Spells              Type           Power      Damage    Failure   Level
a - Sandblast             Erth           32%        2d9       7%          1
b - Stone Arrow           Conj/Erth      18%        3d8       47%         3
c - Passwall              Tmut/Erth      10%        N/A       19%         2
d - Blink                 Tloc           N/A        N/A       56%         2

Your spell library contained the following spells:

 Spells                   Type           Power      Damage    Failure   Level
 Petrify                  Tmut/Erth      12%        N/A       75%         4
 Manifold Assault         Tloc           1%         N/A       100%        5
 Storm Form               Tmut/Air       2%         N/A       100%        7


Dungeon Overview and Level Annotations

Branches:
Dungeon (3/15)

Altars:
Elyvilon
Fedhas
Makhleb


Innate Abilities, Weirdness & Mutations

You are immune to sickness and miasma.
Your stone body is resilient. (AC +4)
You are immune to poison.
You resist negative energy. (rN+)
You are resistant to electric shocks. (rElec)
You are resistant to unholy torment.
You are immune to petrification.


Message History

Aiming: Sandblast (safe; 7% risk of failure)
Press: ? - help, Q - select action, (/) - cycle Shift-Dir - straight line, f - gnoll, p - orc
Aim: a gnoll, wielding a +0 halberd (82% to hit)
The blast of sand hits the orc.
The orc is almost dead.
The gnoll hits you from afar with a +0 halberd.
The orc hits you but does no damage.
Aiming: Sandblast (safe; 7% risk of failure)
Press: ? - help, Q - select action, (/) - cycle Shift-Dir - straight line, f/p - gnoll
Aim: a gnoll, wielding a +0 halberd (82% to hit)
The blast of sand hits the orc.
You kill the orc!
The gnoll closely misses you.
Unknown command.
Aiming: Sandblast (safe; 7% risk of failure)
Press: ? - help, Q - select action, (/) - cycle Shift-Dir - straight line, f/p - gnoll
Aim: a gnoll, wielding a +0 halberd (82% to hit)
The blast of sand hits the gnoll but does no damage.
The gnoll completely misses you.
Unknown command.
Unknown command.
You aren't carrying any items that you can evoke.
Things that are here:
a +0 falchion; a +0 leather armour; a +0 dagger You see here a +0 hand axe.
You see here a +0 leather armour.
The gnoll barely misses you.
You hit the gnoll.
The gnoll is lightly wounded.
The gnoll closely misses you.
You hit the gnoll.
The gnoll is heavily wounded.
The gnoll hits you with a +0 halberd!
You hit the gnoll.
The gnoll is severely wounded.
The gnoll closely misses you. The gnoll barely misses you.
The gnoll hits you with a +0 halberd.
* * * LOW HITPOINT WARNING * * *
The gnoll hits you from afar with a +0 halberd!
You die...

#.###.#
##.#.## #.#.#
##.#.##
#.###.#
##.#.##
........# .#
#.#.#
#.##.##.# #.#
##.#.##
#.##.##.# #.#
#.###@#
#.......# #.#
##.#g##
##.##.##.# #.#
#g#.#
#........# #.#
##.#.##
##.......###.#
#.###.#
#.g.).g.......
##.#.##
#.######......
#.#.#.# #g#
#......
##.#.## #.#
#.#####
#.###.# #.#
#.# #


You could see 2 gnolls.

Vanquished Creatures
  A gnoll (D:3)
  4 adders
  A worm (D:2)
  A dart slug (D:1)
  11 orcs
  7 ball pythons
  7 bats
  5 endoplasms
  A giant cockroach (D:1)
  7 goblins
  4 hobgoblins
  A jackal (D:1)
  A quokka (D:3)
  A ball python skeleton (D:2)
  3 frilled lizards
  4 kobolds
  4 rats
63 creatures vanquished.

Notes
Turn   | Place    | Note
-------+----------+-------------------------------------------
     0 | D:1      | MacCMillion the Gargoyle Earth Elementalist began the quest
                  | for the Orb.
     0 | D:1      | Reached XP level 1. HP: 10/10 MP: 3/3
   321 | D:1      | Reached skill level 1 in Transmutations
   360 | D:1      | Reached XP level 2. HP: 10/15 MP: 1/5
   428 | D:1      | Reached skill level 4 in Earth Magic
   983 | D:1      | Reached skill level 1 in Short Blades
  1000 | D:1      | Reached XP level 3. HP: 12/19 MP: 6/6
  2010 | D:2      | Learned a level 3 spell: Stone Arrow
  2013 | D:2      | Learned a level 2 spell: Passwall
  2081 | D:2      | Found a faded altar of an unknown god.
  2287 | D:2      | Reached XP level 4. HP: 19/24 MP: 1/7
  2608 | D:2      | Reached skill level 1 in Evocations
  3035 | D:3      | Reached skill level 1 in Staves
  3456 | D:3      | Reached XP level 5. HP: 13/28 MP: 4/8
  3873 | D:3      | Learned a level 2 spell: Blink
  3961 | D:3      | Found a burning altar of Makhleb.
  3964 | D:3      | Found a white marble altar of Elyvilon.
  3964 | D:3      | Found a blossoming altar of Fedhas.
  4063 | D:3      | Slain by a gnoll

Illustrated notes

Levels and vault maps discovered:
D:1:      eino_arrival_water_cross, layout_basic,
          corexii_item_surrounded_by_moat, minmay_ruptured
D:2:      layout_basic, ebering_ecumenical_altar_mist, minmay_hexomino_p4
D:3:      minmay_roachtagon, layout_loops_ring, grunt_temple_overflow_open,
          roderic_roman_lattice

Skill      XL: |  1  2  3  4 |
---------------+-------------+-----
Transmutations | 1 2 |  2.0
Earth Magic    | 4 |  4.7
Short Blades   | 1 |  1.0
Evocations     | 1 |  1.6
Staves         | 1 |  1.4
Dodging        | |  1.5
Stealth        | |  2.1
Spellcasting   | |  2.0

Action                   |  1- 3 |  4- 6 || total
-------------------------+-------+-------++-------
Melee: Dagger            |    25 |       ||    25
       Staff             |   137 |    80 ||   217
 Cast: Sandblast         |    23 |    23 ||    46
 Stab: Sleeping          |     3 |     1 ||     4
Armor: Leather armour    |    78 |    32 ||   110
       Robe              |     2 |       ||     2
       Ring mail         |       |     7 ||     7
Dodge: Dodged            |   131 |    61 ||   192

Table legend: (Time is in decaauts)
 A = Elapsed time spent in this place.
 B = Non-inter-level travel time spent in this place.
 C = Inter-level travel time spent in this place.
 D = Time resting spent in this place.
 E = Time spent auto-exploring this place.
 F = Levels seen in this place.
 G = Mean time per level.
                   A        B        C        D        E       F      G
               +--------+--------+--------+--------+--------+-----+--------+
         Total |   4102 |   3953 |    149 |    472 |   2602 |   3 | 1367.3 |
       Dungeon |   4102 |   3953 |    149 |    472 |   2602 |   3 | 1367.3 |
               +--------+--------+--------+--------+--------+-----+--------+

Top non-repeatable levels by time:
     D:2: 1600 daAuts
     D:1: 1576 daAuts
     D:3: 924 daAuts
